[Event "EYCC Girls-U16 2019"]
[Site "Bratislava"]
[Date "2019.08.02"]
[Round "1.1"]
[White "Kaygisiz, Ilayda"]
[Black "Krasteva, Beloslava"]
[Result "0-1"]
[ECO "B20"]
[WhiteElo "1775"]
[BlackElo "2327"]
[Annotator "NA"]
[PlyCount "98"]
[EventDate "2019.08.02"]
[EventType "swiss"]
[EventCountry "SVK"]
[SourceTitle "playchess.com"]
[Source "ChessBase"]
[SourceQuality "1"]
[TimeControl "40/5400+30:1800+30"]

1. e4 c5 2. b3 Nc6 3. Nf3 e5 4. Bb5 Nge7 5. Bb2 d6 6. c3 a6 7. Bxc6+ Nxc6 8. d4 exd4 9. cxd4 Bg4 10. d5 Ne5 11. Bxe5 dxe5 12. h3 Bh5 13. g4 Bg6 14. Qd3 Bd6 15. Nbd2 b5 16. a4 O-O 17. O-O Qd7 18. Nh4 Rfc8 19. Nf5 Bf8 20. Rfd1 f6 21. Kg2 Bf7 22. Rdc1 g6 23. Ne3 Bd6 24. h4 Be8 25. Nf3 Qf7 26. g5 Bd7 27. Nf1 Rf8 28. axb5 axb5 29. gxf6 Qxf6 30. N1h2 h6 31. Qe3 Kh7 32. Rxa8 Rxa8 33. Rxc5 Bxc5 34. Qxc5 Re8 35. Qc7 Re7 36. Qd8 Kg7 37. b4 Qd6 38. Kg3 Re8 39. Qa5 Rc8 40. Qa7 Rc4 41. Nd2 Rxb4 42. Ng4 Ra4 43. Qb7 h5 44. Ne3 Kf6 45. Nb3 Ke7 46. Kg2 Rxe4 47. Na5 Kf6 48. Qa8 Kg7 49. Qd8 Bh3+ 0-1

[Event "EYCC Girls-U16 2019"]
[Site "Bratislava"]
[Date "2019.08.02"]
[Round "1.2"]
[White "Bulatova, Kamaliya"]
[Black "Garau, Francesca"]
[Result "1/2-1/2"]
[ECO "D34"]
[WhiteElo "2157"]
[BlackElo "1835"]
[Annotator "ChessBase"]
[PlyCount "169"]
[EventDate "2019.08.02"]
[EventType "swiss"]
[EventCountry "SVK"]
[SourceTitle "playchess.com"]
[Source "ChessBase"]
[SourceQuality "1"]
[TimeControl "40/5400+30:1800+30"]

1. d4 d5 2. c4 e6 3. Nc3 c5 4. cxd5 exd5 5. Nf3 Nc6 6. g3 Nf6 7. Bg2 Be7 8. O-O O-O 9. dxc5 Bxc5 10. a3 a5 11. Bg5 d4 12. Bxf6 Qxf6 13. Ne4 Qe7 14. Nxc5 Qxc5 15. Rc1 Qb6 16. Qc2 h6 17. Rfd1 Rd8 18. Ne1 Bg4 19. Rd2 d3 20. Rxd3 Nd4 21. Qc7 Nxe2+ 22. Kf1 Qf6 23. Rc4 Nd4 24. Rcxd4 Rxd4 25. Re3 Rd2 26. Bf3 Bh3+ 27. Kg1 Qxb2 28. Qxb7 Qxb7 29. Bxb7 Rb8 30. Bc6 Rbb2 31. g4 Rxf2 32. Rxh3 Rfe2 33. Kf1 Rf2+ 34. Kg1 Rfe2 35. Kf1 Rxh2 36. Rxh2 Rxh2 37. Bg2 Rh4 38. Bf3 f5 39. gxf5 Rf4 40. Kg2 Rxf5 41. Nc2 Rf4 42. Bc6 g5 43. a4 Kg7 44. Ne3 h5 45. Bb5 Rf8 46. Nc4 Ra8 47. Bc6 Ra7 48. Kg3 Kf6 49. Be8 h4+ 50. Kg4 Re7 51. Bc6 Re1 52. Nxa5 Rg1+ 53. Kh3 Kf5 54. Nc4 Kf4 55. Nb6 Ke3 56. a5 Kf2 57. Bd7 Rg3+ 58. Kh2 g4 59. Bxg4 Rxg4 60. a6 Rg7 61. Kh3 Ra7 62. Kxh4 Rxa6 63. Nd7 Rg6 64. Ne5 Rg1 65. Kh5 Ke3 66. Ng6 Ke4 67. Ne7 Ke5 68. Kh6 Ke6 69. Nc6 Kf6 70. Kh5 Rg5+ 71. Kh6 Rc5 72. Nb4 Rb5 73. Nd3 Rb3 74. Nf4 Rf3 75. Nh5+ Kf5 76. Ng7+ Kf6 77. Nh5+ Kf5 78. Ng7+ Kg4 79. Kg6 Ra3 80. Kf6 Ra5 81. Ne6 Rd5 82. Nc7 Ra5 83. Ne6 Rf5+ 84. Ke7 Kf3 85. Nd4+ 1/2-1/2

[Event "EYCC Girls-U16 2019"]
[Site "Bratislava"]
[Date "2019.08.02"]
[Round "1.3"]
[White "Korenova, Simona"]
[Black "Getman, Tatyana"]
[Result "0-1"]
[ECO "E20"]
[WhiteElo "1764"]
[BlackElo "2143"]
[Annotator "NA"]
[PlyCount "90"]
[EventDate "2019.08.02"]
[EventType "swiss"]
[EventCountry "SVK"]
[SourceTitle "playchess.com"]
[Source "ChessBase"]
[SourceQuality "1"]
[TimeControl "40/5400+30:1800+30"]

1. c4 e6 2. d4 Nf6 3. Nc3 Bb4 4. Bd2 O-O 5. Nf3 d5 6. e3 b6 7. Bd3 c5 8. O-O Nc6 9. a3 Ba5 10. Na4 Bxd2 11. Qxd2 cxd4 12. exd4 dxc4 13. Bxc4 Bb7 14. b4 Ne7 15. Ne5 b5 16. Nc5 bxc4 17. Nxb7 Qd5 18. Nc5 Rfd8 19. Rfd1 Nf5 20. Qc2 Nxd4 21. Rxd4 Qxd4 22. Re1 c3 23. Nf3 Qf4 24. Qxc3 Rd5 25. Na6 Rad8 26. Qc2 h6 27. a4 Qd6 28. b5 Rd1 29. h3 Rxe1+ 30. Nxe1 Qd1 31. Qxd1 Rxd1 32. Kf1 Ra1 33. Nc5 Nd5 34. Ke2 Nc3+ 35. Kd3 Nxa4 36. Nxa4 Rxa4 37. Nc2 Kf8 38. Kc3 Ke7 39. Nb4 Kd6 40. Kb3 Ra1 41. Na6 Rg1 42. g3 Rg2 43. Kb4 Rxf2 44. Ka5 Rf3 45. Nb4 Ra3# 0-1

[Event "EYCC Girls-U16 2019"]
[Site "Bratislava"]
[Date "2019.08.02"]
[Round "1.4"]
[White "Vanduyfhuys, Daria"]
[Black "Pecorini, Angie"]
[Result "0-1"]
[ECO "A40"]
[WhiteElo "2114"]
[BlackElo "1781"]
[Annotator "NA"]
[PlyCount "149"]
[EventDate "2019.08.02"]
[EventType "swiss"]
[EventCountry "SVK"]
[SourceTitle "playchess.com"]
[Source "ChessBase"]
[SourceQuality "1"]
[TimeControl "40/5400+30:1800+30"]

1. d4 g6 2. c4 Bg7 3. Nc3 c5 4. Nf3 cxd4 5. Nxd4 Nc6 6. e3 d6 7. Be2 Nf6 8. O-O O-O 9. b3 Qa5 10. Bb2 a6 11. a3 Rd8 12. b4 Qg5 13. Nf3 Qh5 14. Na4 Bg4 15. h3 Bxh3 16. gxh3 Qxh3 17. Nh2 Ne5 18. Nb6 Rab8 19. Nd5 e6 20. Nf4 Qh4 21. Ng2 Qe4 22. Qd4 Qc2 23. Rfe1 h5 24. Rac1 Qf5 25. Nh4 Qg5+ 26. Ng2 Neg4 27. Qf4 Qxf4 28. Nxf4 Nxh2 29. Bxf6 Bxf6 30. Kxh2 a5 31. Rb1 axb4 32. axb4 Ra8 33. Bf3 Ra2 34. Re2 Ra7 35. Rd2 Rc8 36. Be2 Ra3 37. Kg2 Be5 38. Nd3 Bc3 39. Rc2 Rxc4 40. Rbc1 Rc6 41. b5 Rc7 42. Bf3 b6 43. Be2 Kg7 44. Rg1 Kf6 45. Nb2 Ra2 46. Rb1 Rc5 47. Bd3 Ke7 48. Nd1 Rxc2 49. Bxc2 Ba5 50. Bd3 f5 51. Nb2 d5 52. Na4 Rc8 53. f4 Kf6 54. Kf2 e5 55. Rb2 g5 56. fxg5+ Kxg5 57. Kg3 Rc1 58. Rc2 h4+ 59. Kg2 Rxc2+ 60. Bxc2 f4 61. e4 dxe4 62. Bxe4 Kg4 63. Nb2 h3+ 64. Kf1 Bc3 65. Nd3 f3 66. Nf2+ Kg3 67. Bf5 h2 68. Nh1+ Kf4 69. Be6 e4 70. Bc4 e3 71. Bd3 Ke5 72. Ng3 Kd4 73. Be2 fxe2+ 74. Kxe2 Bd2 75. Kf3 0-1

[Event "EYCC Girls-U16 2019"]
[Site "Bratislava"]
[Date "2019.08.02"]
[Round "1.5"]
[White "Dubovyk, Anastasiia"]
[Black "Ciolacu, Alessia-Mihaela"]
[Result "1/2-1/2"]
[ECO "C61"]
[WhiteElo "1824"]
[BlackElo "2199"]
[Annotator "NA"]
[PlyCount "88"]
[EventDate "2019.08.02"]
[EventType "swiss"]
[EventCountry "SVK"]
[SourceTitle "playchess.com"]
[Source "ChessBase"]
[SourceQuality "1"]
[TimeControl "40/5400+30:1800+30"]

1. e4 e5 2. Nf3 Nc6 3. Bb5 Nd4 4. Nxd4 exd4 5. O-O Bc5 6. c3 c6 7. Ba4 d5 8. d3 Ne7 9. Nd2 Bb6 10. h3 Be6 11. Bb3 O-O 12. Nf3 dxc3 13. bxc3 dxe4 14. dxe4 Bxb3 15. Qxb3 Ng6 16. Ba3 Re8 17. Rad1 Qf6 18. Rd7 Nf4 19. c4 Rxe4 20. c5 Ba5 21. Qxb7 Rae8 22. Qb3 Qg6 23. g3 Nxh3+ 24. Kh2 Qh5 25. Kg2 Nf4+ 26. Kg1 R4e6 27. Rxa7 Rh6 28. Nh4 Bd8 29. Ra8 g5 30. Qd1 Ne2+ 31. Kg2 gxh4 32. Rxd8 Rhe6 33. Qd7 Nf4+ 34. Kg1 Ne2+ 35. Kg2 Kf8 36. Rxe8+ Rxe8 37. Qxc6 Re6 38. Qc8+ Kg7 39. Bb2+ Kh6 40. Qf8+ Kg6 41. Qd8 Nf4+ 42. gxf4 Qg4+ 43. Kh1 Qf3+ 44. Kg1 Qg4+ 1/2-1/2

[Event "EYCC Girls-U16 2019"]
[Site "Bratislava"]
[Date "2019.08.02"]
[Round "1.6"]
[White "Waszczuk, Patrycja"]
[Black "Sleurs, Juliette"]
[Result "1-0"]
[ECO "C89"]
[WhiteElo "2119"]
[BlackElo "1834"]
[Annotator "NA"]
[PlyCount "63"]
[EventDate "2019.08.02"]
[EventType "swiss"]
[EventCountry "SVK"]
[SourceTitle "playchess.com"]
[Source "ChessBase"]
[SourceQuality "1"]
[TimeControl "40/5400+30:1800+30"]

1. e4 e5 2. Nf3 Nc6 3. Bb5 a6 4. Ba4 Nf6 5. O-O Be7 6. Re1 b5 7. Bb3 O-O 8. c3 d5 9. exd5 Nxd5 10. Nxe5 Nxe5 11. Rxe5 c6 12. d4 Bd6 13. Re1 Qh4 14. g3 Qh3 15. Be3 Bg4 16. Qd3 f5 17. Qf1 Qh5 18. f4 Rae8 19. Nd2 Re6 20. Bxd5 cxd5 21. Qg2 Re4 22. a4 b4 23. Nxe4 dxe4 24. c4 Bf3 25. Qd2 g5 26. b3 Rf6 27. c5 gxf4 28. Bxf4 Bxf4 29. Qxf4 Rg6 30. c6 Qh3 31. Ra2 Rg4 32. c7 1-0

[Event "EYCC Girls-U16 2019"]
[Site "Bratislava"]
[Date "2019.08.02"]
[Round "1.7"]
[White "Ruzic, Pia Marie"]
[Black "Eizaguerri Floris, Maria"]
[Result "0-1"]
[ECO "A25"]
[WhiteElo "1830"]
[BlackElo "2099"]
[Annotator "NA"]
[PlyCount "112"]
[EventDate "2019.08.02"]
[EventType "swiss"]
[EventCountry "SVK"]
[SourceTitle "playchess.com"]
[Source "ChessBase"]
[SourceQuality "1"]
[TimeControl "40/5400+30:1800+30"]

1. c4 e5 2. Nc3 Nc6 3. g3 Nf6 4. Bg2 Bc5 5. e3 d5 6. cxd5 Nb4 7. d4 exd4 8. exd4 Be7 9. Nge2 Nbxd5 10. O-O Be6 11. Nf4 Nxf4 12. Bxf4 c6 13. Re1 O-O 14. Qd2 Qb6 15. Rad1 Rad8 16. Qe2 Rfe8 17. Be5 Nd5 18. Nxd5 Bxd5 19. Bxd5 cxd5 20. Qg4 Bf8 21. Re2 Re6 22. Rc2 Rde8 23. Kg2 Qa6 24. Qf3 f6 25. Bf4 Qb5 26. Be3 Rc6 27. Rxc6 Qxc6 28. Rc1 Qd7 29. Bf4 Qb5 30. a4 Qd7 31. Rc7 Qd8 32. Rxb7 Re4 33. Rb8 Qe7 34. Be3 Qc7 35. Rb5 Qd7 36. Qh5 f5 37. Rb8 g6 38. Bh6 Qd6 39. Rxf8+ Qxf8 40. Bxf8 gxh5 41. Bc5 a6 42. b4 Kf7 43. b5 axb5 44. axb5 Ke6 45. h4 f4 46. Kf3 fxg3 47. Kxg3 Rg4+ 48. Kh3 Rg1 49. b6 Rb1 50. Kg3 Kf5 51. f3 Rb2 52. Kh3 Kf4 53. Bd6+ Kxf3 54. Bc7 Ke4 55. Bd8 Rb3+ 56. Kg2 Kxd4 0-1

[Event "EYCC Girls-U16 2019"]
[Site "Bratislava"]
[Date "2019.08.02"]
[Round "1.8"]
[White "Lehaci, Miruna-Daria"]
[Black "Czarnecka, Lidia"]
[Result "1/2-1/2"]
[ECO "B81"]
[WhiteElo "2201"]
[BlackElo "1731"]
[Annotator "NA"]
[PlyCount "83"]
[EventDate "2019.08.02"]
[EventType "swiss"]
[EventCountry "SVK"]
[SourceTitle "playchess.com"]
[Source "ChessBase"]
[SourceQuality "1"]
[TimeControl "40/5400+30:1800+30"]

1. e4 c5 2. Nf3 e6 3. d4 cxd4 4. Nxd4 Nf6 5. Nc3 d6 6. g4 h6 7. Rg1 Nc6 8. Be3 e5 9. Nb3 Be6 10. Qe2 Qc8 11. f3 d5 12. exd5 Nxd5 13. Nxd5 Bxd5 14. O-O-O Be6 15. f4 Qc7 16. f5 Bxb3 17. axb3 Bd6 18. Kb1 O-O-O 19. Bg2 Kb8 20. Bf2 Nd4 21. Bxd4 exd4 22. Rxd4 Rhe8 23. Qf3 Bxh2 24. Rgd1 Rxd4 25. Rxd4 Be5 26. Rd5 Bf6 27. Rb5 Re7 28. Qd3 Rd7 29. Qe2 Re7 30. Qd2 Rd7 31. Qb4 Qc8 32. Rc5 Qd8 33. Qf4+ Ka8 34. Qc4 Kb8 35. Qe4 Qe7 36. Qf4+ Qd6 37. Qc4 Rc7 38. Rxc7 Qxc7 39. Qb5 Qe7 40. c4 a6 41. Qd5 Bg5 42. Ka2 1/2-1/2

[Event "EYCC Girls-U16 2019"]
[Site "Bratislava"]
[Date "2019.08.02"]
[Round "1.9"]
[White "Dejanovic, Tereza"]
[Black "Katkov, Michelle"]
[Result "1/2-1/2"]
[ECO "C80"]
[WhiteElo "1834"]
[BlackElo "2129"]
[Annotator "NA"]
[PlyCount "35"]
[EventDate "2019.08.02"]
[EventType "swiss"]
[EventCountry "SVK"]
[SourceTitle "playchess.com"]
[Source "ChessBase"]
[SourceQuality "1"]
[TimeControl "40/5400+30:1800+30"]

1. e4 e5 2. Nf3 Nc6 3. Bb5 a6 4. Ba4 Nf6 5. O-O Nxe4 6. Re1 Nc5 7. Nc3 Nxa4 8. Nxe5 Be7 9. Nd5 O-O 10. Nxc6 dxc6 11. Nxe7+ Kh8 12. Qh5 Qd4 13. d3 Be6 14. Rxe6 fxe6 15. Ng6+ Kg8 16. Ne7+ Kh8 17. Ng6+ Kg8 18. Ne7+ 1/2-1/2

[Event "EYCC Girls-U16 2019"]
[Site "Bratislava"]
[Date "2019.08.02"]
[Round "1.10"]
[White "Loskutova, Viktoriya"]
[Black "Fock, Amina"]
[Result "1-0"]
[ECO "B52"]
[WhiteElo "2019"]
[BlackElo "1817"]
[Annotator "NA"]
[PlyCount "55"]
[EventDate "2019.08.02"]
[EventType "swiss"]
[EventCountry "SVK"]
[SourceTitle "playchess.com"]
[Source "ChessBase"]
[SourceQuality "1"]
[TimeControl "40/5400+30:1800+30"]

1. e4 c5 2. Nf3 d6 3. Bb5+ Bd7 4. Bxd7+ Qxd7 5. c4 e5 6. O-O Nc6 7. Nc3 g6 8. d3 h6 9. Nd5 Bg7 10. Bd2 Nge7 11. a3 f5 12. b4 b6 13. Bc3 Kf7 14. Nd2 f4 15. Rb1 Rab8 16. b5 Nd8 17. a4 Ne6 18. Ra1 Ra8 19. Ra2 Qb7 20. a5 Bf6 21. Qe2 h5 22. Rfa1 Nxd5 23. exd5 Nd4 24. Bxd4 cxd4 25. Ne4 Be7 26. Qb2 a6 27. axb6 axb5 28. Qxb5 1-0

[Event "EYCC Girls-U16 2019"]
[Site "Bratislava"]
[Date "2019.08.02"]
[Round "1.11"]
[White "Zarebska, Lena"]
[Black "Malicka, Maria"]
[Result "0-1"]
[ECO "C92"]
[WhiteElo "1773"]
[BlackElo "2115"]
[Annotator "NA"]
[PlyCount "120"]
[EventDate "2019.08.02"]
[EventType "swiss"]
[EventCountry "SVK"]
[SourceTitle "playchess.com"]
[Source "ChessBase"]
[SourceQuality "1"]
[TimeControl "40/5400+30:1800+30"]

1. e4 e5 2. Nf3 Nc6 3. Bb5 a6 4. Ba4 Nf6 5. O-O Be7 6. Re1 b5 7. Bb3 d6 8. c3 O-O 9. h3 Bb7 10. d4 Re8 11. Nbd2 Bf8 12. d5 Nb8 13. Nf1 Nbd7 14. Ng3 Nc5 15. Bc2 c6 16. dxc6 Bxc6 17. Qe2 h6 18. Nh2 d5 19. Ng4 Ncxe4 20. Nxe4 Nxe4 21. Qf3 Ng5 22. Bxg5 Qxg5 23. h4 e4 24. hxg5 exf3 25. gxh6 Rxe1+ 26. Rxe1 fxg2 27. Ne5 Be8 28. h7+ Kh8 29. Kxg2 g6 30. Bb3 Rd8 31. Ng4 Bg7 32. Bxd5 Rxd5 33. Rxe8+ Kxh7 34. Kf3 f5 35. Nh2 Rd1 36. Ke2 Rb1 37. b3 Rb2+ 38. Ke3 Bxc3 39. Re7+ Kh6 40. Nf3 Rxa2 41. Re6 Kh5 42. Rc6 Bg7 43. Ng1 Ra3 44. Kf4 Rxb3 45. Rxa6 Rb4+ 46. Kf3 g5 47. Ne2 Rb3+ 48. Kg2 f4 49. Kh2 Rb2 50. Re6 Kg4 51. Kg1 Kf3 52. Re7 Bf6 53. Re6 Rxe2 54. Rxf6 Rxf2 55. Rf5 g4 56. Rxb5 g3 57. Rb3+ Kg4 58. Rb4 Ra2 59. Rc4 Kh3 60. Rc1 f3 0-1

[Event "EYCC Girls-U16 2019"]
[Site "Bratislava"]
[Date "2019.08.02"]
[Round "1.12"]
[White "Duran, Esma Doga"]
[Black "Rzali, Sabina"]
[Result "1-0"]
[ECO "A06"]
[WhiteElo "2096"]
[BlackElo "1691"]
[Annotator "NA"]
[PlyCount "51"]
[EventDate "2019.08.02"]
[EventType "swiss"]
[EventCountry "SVK"]
[SourceTitle "playchess.com"]
[Source "ChessBase"]
[SourceQuality "1"]
[TimeControl "40/5400+30:1800+30"]

1. Nf3 d5 2. g3 Nf6 3. Bg2 e6 4. O-O c5 5. d4 Be7 6. c4 dxc4 7. Qa4+ Nbd7 8. Rd1 O-O 9. Qxc4 Qb6 10. Nc3 cxd4 11. Nxd4 Nc5 12. b4 Na6 13. b5 Nc5 14. Ba3 Re8 15. Rac1 e5 16. Nd5 Nxd5 17. Bxd5 Ne6 18. Nxe6 fxe6 19. Bxe7 exd5 20. Qxd5+ Be6 21. Qxe5 Bxa2 22. Rd6 Qa5 23. Rd7 Qb6 24. Rcc7 Qe6 25. Qb2 Bd5 26. Bf8 1-0

[Event "EYCC Girls-U16 2019"]
[Site "Bratislava"]
[Date "2019.08.02"]
[Round "1.13"]
[White "Walterova, Ema"]
[Black "Ilyina, Lada"]
[Result "0-1"]
[ECO "B00"]
[WhiteElo "1761"]
[BlackElo "2048"]
[Annotator "NA"]
[PlyCount "124"]
[EventDate "2019.08.02"]
[EventType "swiss"]
[EventCountry "SVK"]
[SourceTitle "playchess.com"]
[Source "ChessBase"]
[SourceQuality "1"]
[TimeControl "40/5400+30:1800+30"]

1. e4 d6 2. d4 g6 3. Nf3 Bg7 4. b3 Nf6 5. Nc3 O-O 6. Bb2 Nbd7 7. Be2 c5 8. O-O cxd4 9. Nxd4 Nc5 10. f3 h5 11. Bc4 Ne6 12. Nce2 Nxd4 13. Bxd4 Qa5 14. Kh1 Bd7 15. Bc3 Qc7 16. a4 b6 17. Qd2 a6 18. Rfd1 b5 19. axb5 Bxb5 20. Bxb5 axb5 21. Nd4 Qb7 22. Bb4 Nd7 23. Bc3 Nc5 24. Ne2 Rxa1 25. Rxa1 b4 26. Bxg7 Kxg7 27. Qd4+ Kh7 28. Nf4 Ra8 29. Rxa8 Qxa8 30. Nd5 Ne6 31. Qf2 Qa1+ 32. Qg1 Qb2 33. Qd1 Nd4 34. Nxb4 e6 35. Kg1 Qc3 36. Na2 Qc5 37. Kf1 Nxc2 38. Qd2 Qb5+ 39. Kf2 Qxb3 40. Nc1 Qb6+ 41. Kg3 Qc7 42. Qf4 Kg7 43. Ne2 Qc4 44. Qd2 d5 45. exd5 exd5 46. Qc3+ Qxc3 47. Nxc3 d4 48. Ne4 f5 49. Nd2 Kf6 50. f4 Ke6 51. Kh4 Ne3 52. Kg3 Kd5 53. Kf3 Nc4 54. Nb3 d3 55. g3 Nb2 56. Ke3 Kc4 57. Nc1 Kc3 58. Na2+ Kb3 59. Nc1+ Kc2 60. Na2 Nc4+ 61. Kf2 d2 62. Nb4+ Kb3 0-1

[Event "EYCC Girls-U16 2019"]
[Site "Bratislava"]
[Date "2019.08.02"]
[Round "1.14"]
[White "Filippova, Margarita"]
[Black "Avelino, Camila Biscaya"]
[Result "1-0"]
[ECO "E91"]
[WhiteElo "2029"]
[BlackElo "1803"]
[Annotator "NA"]
[PlyCount "71"]
[EventDate "2019.08.02"]
[EventType "swiss"]
[EventCountry "SVK"]
[SourceTitle "playchess.com"]
[Source "ChessBase"]
[SourceQuality "1"]
[TimeControl "40/5400+30:1800+30"]

1. d4 Nf6 2. c4 g6 3. Nc3 Bg7 4. e4 d6 5. Nf3 O-O 6. Be2 Nbd7 7. O-O e5 8. Qc2 c6 9. Rd1 Qe7 10. d5 c5 11. Rb1 h6 12. b4 cxb4 13. Rxb4 Nc5 14. Be3 Na6 15. Rb5 Ng4 16. Bc1 f5 17. h3 Nf6 18. Nh4 Qf7 19. exf5 Ne8 20. Nxg6 Bxf5 21. Qxf5 Qxf5 22. Ne7+ Kh8 23. Nxf5 Rxf5 24. Rxb7 Nc5 25. Rb1 Nc7 26. Be3 N7a6 27. Nb5 Bf8 28. Bg4 Rf7 29. Rf1 Rd8 30. f4 exf4 31. Bxf4 Nd3 32. Be3 Re7 33. Bxa7 Bg7 34. Bd4 Bxd4+ 35. Nxd4 Nac5 36. Nc6 1-0

[Event "EYCC Girls-U16 2019"]
[Site "Bratislava"]
[Date "2019.08.02"]
[Round "1.15"]
[White "Taragelova, Martina"]
[Black "Djidjeli, Sarah"]
[Result "1/2-1/2"]
[ECO "B32"]
[WhiteElo "1719"]
[BlackElo "2017"]
[Annotator "NA"]
[PlyCount "49"]
[EventDate "2019.08.02"]
[EventType "swiss"]
[EventCountry "SVK"]
[SourceTitle "playchess.com"]
[Source "ChessBase"]
[SourceQuality "1"]
[TimeControl "40/5400+30:1800+30"]

1. e4 c5 2. Nf3 Nc6 3. d4 cxd4 4. Nxd4 e5 5. Nb5 d6 6. N1c3 a6 7. Na3 Be7 8. Nc4 b5 9. Ne3 Nf6 10. g3 h5 11. h4 b4 12. Ncd5 Nxd5 13. Nxd5 Bg4 14. Be2 Nd4 15. Bxg4 hxg4 16. Be3 Nf3+ 17. Kf1 Rb8 18. Qd3 a5 19. Kg2 Qd7 20. Rad1 Bd8 21. Bc1 Bb6 22. Be3 Bd8 23. Bc1 Bb6 24. Be3 Bd8 25. Bc1 1/2-1/2

[Event "EYCC Girls-U16 2019"]
[Site "Bratislava"]
[Date "2019.08.02"]
[Round "1.16"]
[White "Mkrtchyan, Mariam"]
[Black "Esadze, Tamari"]
[Result "0-1"]
[ECO "D02"]
[WhiteElo "1981"]
[BlackElo "1997"]
[Annotator "NA"]
[PlyCount "86"]
[EventDate "2019.08.02"]
[EventType "swiss"]
[EventCountry "SVK"]
[SourceTitle "playchess.com"]
[Source "ChessBase"]
[SourceQuality "1"]
[TimeControl "40/5400+30:1800+30"]

1. d4 d5 2. Nf3 Nf6 3. g3 e6 4. Bg2 Be7 5. O-O O-O 6. c4 dxc4 7. Qc2 a6 8. a4 Bd7 9. Qxc4 Bc6 10. Bf4 Nd5 11. Bd2 Nd7 12. Nc3 N7b6 13. Qb3 Nxc3 14. Bxc3 Bd5 15. Qc2 f5 16. Rfd1 Be4 17. Qc1 Nd5 18. Bh3 Qe8 19. Nd2 Qh5 20. Bf1 Bg5 21. f3 Ne3 22. Re1 Ng4 23. h3 Be3+ 24. Kg2 Nf2 25. Kh2 f4 26. Nxe4 Bxc1 27. Nxf2 fxg3+ 28. Kxg3 Bf4+ 29. Kg2 Qg6+ 30. Ng4 h5 31. e3 Bd6 32. Be2 hxg4 33. hxg4 c5 34. Rad1 cxd4 35. Bxd4 e5 36. Bc4+ Rf7 37. Bc3 Kf8 38. Bxf7 Kxf7 39. Rd5 Rh8 40. Bxe5 Bxe5 41. Rc1 Rh2+ 42. Kg1 Qh6 43. Rxe5 Rh1+ 0-1

[Event "EYCC Girls-U16 2019"]
[Site "Bratislava"]
[Date "2019.08.02"]
[Round "1.17"]
[White "Mazzini, Katarina"]
[Black "Radikovic, Anamarija"]
[Result "0-1"]
[ECO "B30"]
[WhiteElo "1714"]
[BlackElo "2021"]
[Annotator "NA"]
[PlyCount "64"]
[EventDate "2019.08.02"]
[EventType "swiss"]
[EventCountry "SVK"]
[SourceTitle "playchess.com"]
[Source "ChessBase"]
[SourceQuality "1"]
[TimeControl "40/5400+30:1800+30"]

1. e4 c5 2. Nf3 Nc6 3. Bb5 e6 4. O-O Nge7 5. Nc3 g6 6. d4 cxd4 7. Nxd4 Bg7 8. Be3 O-O 9. Qd2 Re8 10. Rad1 a6 11. Be2 Qc7 12. f4 d5 13. exd5 Nxd5 14. Nxd5 exd5 15. Bf3 Be6 16. f5 Nxd4 17. Bxd4 Bxf5 18. Bxg7 Kxg7 19. Bxd5 Rad8 20. c4 Kg8 21. Qg5 Qc5+ 22. Kh1 Be6 23. b3 Bxd5 24. cxd5 Qd6 25. Qh4 Re5 26. Rf6 Rxd5 27. Rdf1 Qc7 28. Qf2 R8d7 29. Qf3 Rd2 30. h4 R7d4 31. Qh3 R2d3 32. g3 Qxg3 0-1

[Event "EYCC Girls-U16 2019"]
[Site "Bratislava"]
[Date "2019.08.02"]
[Round "1.18"]
[White "Afanasieva, Alexandra"]
[Black "Mihailova, Alina"]
[Result "1-0"]
[ECO "C92"]
[WhiteElo "2085"]
[BlackElo "1777"]
[Annotator "NA"]
[PlyCount "115"]
[EventDate "2019.08.02"]
[EventType "swiss"]
[EventCountry "SVK"]
[SourceTitle "playchess.com"]
[Source "ChessBase"]
[SourceQuality "1"]
[TimeControl "40/5400+30:1800+30"]

1. e4 e5 2. Nf3 Nc6 3. Bb5 a6 4. Ba4 Nf6 5. O-O b5 6. Bb3 Be7 7. Re1 d6 8. c3 O-O 9. h3 Bb7 10. d4 Nd7 11. Nbd2 exd4 12. cxd4 Bf6 13. Nf1 Na5 14. Bc2 Re8 15. Ng3 g6 16. Bf4 c5 17. Rc1 Nc6 18. Be3 Rc8 19. Bb1 Na5 20. b3 c4 21. b4 Nc6 22. a3 a5 23. d5 Ncb8 24. Nd4 Bxd4 25. Bxd4 axb4 26. axb4 Nf6 27. Bc3 Nbd7 28. Re3 Ne5 29. Ne2 Ra8 30. Nd4 Ba6 31. Qe2 Ned7 32. f4 Qc8 33. Qf3 Qb7 34. Kh1 Rab8 35. Nc6 Rbc8 36. Rce1 Rxc6 37. dxc6 Qxc6 38. Qf2 Bb7 39. Qb2 Nh5 40. Qf2 Nhf6 41. Qb2 Nh5 42. Rf3 d5 43. e5 Ng7 44. f5 gxf5 45. Rg3 Qe6 46. Bxf5 Qxf5 47. e6 f6 48. exd7 Rxe1+ 49. Bxe1 Qxd7 50. Qxf6 d4 51. Bf2 Be4 52. Bxd4 Bg6 53. Rf3 Qf7 54. Qe5 Qd7 55. h4 Qb7 56. Bc5 Bf7 57. Rg3 Bg6 58. h5 1-0

[Event "EYCC Girls-U16 2019"]
[Site "Bratislava"]
[Date "2019.08.02"]
[Round "1.19"]
[White "De Zoeten, Cato"]
[Black "Hercog, Nusa"]
[Result "0-1"]
[ECO "B40"]
[WhiteElo "1684"]
[BlackElo "2053"]
[Annotator "NA"]
[PlyCount "86"]
[EventDate "2019.08.02"]
[EventType "swiss"]
[EventCountry "SVK"]
[SourceTitle "playchess.com"]
[Source "ChessBase"]
[SourceQuality "1"]
[TimeControl "40/5400+30:1800+30"]

1. e4 c5 2. Nf3 e6 3. d4 cxd4 4. Nxd4 Nf6 5. Nc3 Nc6 6. Be3 Bb4 7. f3 d5 8. Bb5 Bd7 9. O-O e5 10. Nxd5 exd4 11. Bg5 Bc5 12. Qe1 Be6 13. Kh1 Kf8 14. Bc4 Bxd5 15. Bxd5 Qd6 16. Bb3 h6 17. Bh4 Re8 18. Rd1 Qe5 19. Qe2 a6 20. Qc4 Qe7 21. Rfe1 b5 22. Qf1 g5 23. Bf2 Kg7 24. a4 Rb8 25. axb5 axb5 26. Bg3 Rb6 27. e5 Nh5 28. e6 Nxg3+ 29. hxg3 f6 30. f4 Na5 31. Ba2 Rd8 32. f5 Nc4 33. Qf3 Ne3 34. Rc1 Qb7 35. Qf2 b4 36. Bb3 Qe4 37. Ra1 Rb7 38. Ra5 Rc7 39. c3 bxc3 40. bxc3 Qxf5 41. Qxf5 Nxf5 42. g4 Ne3 43. Ba4 Kf8 0-1

[Event "EYCC Girls-U16 2019"]
[Site "Bratislava"]
[Date "2019.08.02"]
[Round "1.20"]
[White "Juhasz, Judit"]
[Black "Villanyi, Alexia"]
[Result "1-0"]
[ECO "B33"]
[WhiteElo "2050"]
[BlackElo "1762"]
[Annotator "NA"]
[PlyCount "79"]
[EventDate "2019.08.02"]
[EventType "swiss"]
[EventCountry "SVK"]
[SourceTitle "playchess.com"]
[Source "ChessBase"]
[SourceQuality "1"]
[TimeControl "40/5400+30:1800+30"]

1. e4 c5 2. Nf3 Nc6 3. d4 cxd4 4. Nxd4 Nf6 5. Nc3 g6 6. Nxc6 dxc6 7. Qxd8+ Kxd8 8. Bf4 Be6 9. O-O-O+ Ke8 10. Be2 Bg7 11. Kb1 Nd7 12. Be3 Bxc3 13. bxc3 Nb6 14. Bd4 f6 15. f4 h5 16. Rhe1 Kf7 17. Bd3 Rac8 18. f5 gxf5 19. exf5 Bd5 20. Bc5 Rce8 21. Bxb6 axb6 22. c4 Bxg2 23. Rd2 Rhg8 24. Be2 Rh8 25. Bd3 Rhg8 26. Be2 Rh8 27. c5 Bd5 28. cxb6 Ra8 29. c4 Be4+ 30. Bd3 Bxd3+ 31. Rxd3 Rad8 32. Rde3 Rhe8 33. Kc2 Rd4 34. Kc3 Rf4 35. Rd3 Rxf5 36. Rd7 Rb8 37. Rexe7+ Kg6 38. Rg7+ Kh6 39. h4 Ra5 40. Rh7+ 1-0

[Event "EYCC Girls-U16 2019"]
[Site "Bratislava"]
[Date "2019.08.02"]
[Round "1.21"]
[White "Djordjevic, Nevena"]
[Black "Dylag, Emilia"]
[Result "0-1"]
[ECO "D70"]
[WhiteElo "1716"]
[BlackElo "2099"]
[Annotator "NA"]
[PlyCount "62"]
[EventDate "2019.08.02"]
[EventType "swiss"]
[EventCountry "SVK"]
[SourceTitle "playchess.com"]
[Source "ChessBase"]
[SourceQuality "1"]
[TimeControl "40/5400+30:1800+30"]

1. d4 Nf6 2. c4 g6 3. Nf3 Bg7 4. Bf4 d6 5. h3 O-O 6. Nc3 Nfd7 7. e3 e5 8. Bh2 Nc6 9. Be2 f5 10. O-O e4 11. Nd2 Nf6 12. Rb1 g5 13. b4 Ne7 14. c5 d5 15. Nb5 Ne8 16. Qb3 Kh8 17. f3 a6 18. Nc3 Nf6 19. fxe4 dxe4 20. Bc4 b5 21. Be6 Bd7 22. Rbd1 Qc8 23. Bxd7 Qxd7 24. a4 Nfd5 25. Nxd5 Nxd5 26. a5 f4 27. c6 Qd8 28. Rfe1 Nxe3 29. Rc1 Qxd4 30. Nf1 Ng4+ 31. Kh1 Nf2+ 0-1